[Event "*** Titled Tuesday 3|2 Blitz"]
[Site "Chess.com"]
[Date "2016.10.04"]
[Round "3"]
[White "Mastervlad8"]
[Black "sandropozo"]
[Result "0-1"]
[WhiteElo "2149"]
[BlackElo "2348"]
[TimeControl "180+2"]
[EndTime "11:36:04 PDT"]
[Termination "sandropozo won on time"]

1. e4 e6 2. d4 d5 3. Nd2 Ne7 4. Ngf3 Ng6 5. Bd3 Nf4 6. Bf1 c5 7. g3 Ng6 8. exd5 exd5 9. Bg2 Be7 10. O-O O-O 11. c3 Nc6 12. dxc5 Bxc5 13. Nb3 Bb6 14.
Nbd4 Re8 15. Re1 Bg4 16. Rxe8+ Qxe8 17. h3 Bxf3 18. Bxf3 Nge5 19. Bg2 Rd8 20. Be3 Nc4 21. Bc1 Nxd4 22. cxd4 Qe6 23. b3 Nd6 24. Bg5 Re8 25. Rc1 Nf5 26. Rc2 h6 27. Bf4 Nxd4 28. Rd2 Ne2+ 29. Kh2 Nxf4 30. gxf4 Qf5 31. Qf3 d4 32. Bf1 Re4 33. Bd3 Qxf4+ 34. Qxf4 Rxf4 35. Kg2 Kf8 36. Bc4 g5 37. f3 Rf6 38. Re2 Rd6 39. Rd2 f5 40. Bd3 Rd5 41. Re2 Rc5 42. Rc2 Re5 43. Re2 Rc5 44. Rc2 Rd5 45. Rc8+ Ke7 46. Rb8 Rc5 47.
Rxb7+ Kf6 48. Bc4 Re5 49. Kf1 Re3 50. Kg2 Rc3 0-1

[Event "*** Titled Tuesday 3|2 Blitz"]
[Site "Chess.com"]
[Date "2016.10.04"]
[Round "3"]
[White "Peroncio"]
[Black "Lali-Rustavi"]
[Result "1-0"]
[WhiteElo "2383"]
[BlackElo "1827"]
[TimeControl "180+2"]
[EndTime "11:36:05 PDT"]
[Termination "Peroncio won by checkmate"]

1. Nf3 Nf6 2. g3 g6 3. b3 Bg7 4. Bb2 O-O 5. Bg2 d6 6. d4 Nbd7 7. O-O c6 8. c4 Qc7 9. Nc3 e5 10.
Rc1 Re8 11. e4 exd4 12. Nxd4 Nc5 13. Re1 a5 14. h3 Bd7 15. Ba3 Bh6 16. f4 Bf8 17.
Qd2 Ne6 18. Nf3 Nc5 19. Qc2 Nh5 20. Kh2 f5 21. e5 Ne6 22. Qf2 Rad8 23. exd6 Bxd6 24.
Bxd6 Qxd6 25. Rcd1 Qb4 26. Na4 Bc8 27. Qb6 Qxb6 28. Nxb6 Nc5 29. Rxe8+ Rxe8 30. Ne5 Ne4 31. g4 Nhf6 32. g5 Nh5 33. Nxc8 Rxc8 34. Rd7 b5 35. Bxe4 fxe4 36. Ng4 bxc4 37. bxc4 Rb8 38. Nf6+ Nxf6 39. gxf6 Rb2+ 40. Kg3 Rxa2 41. Re7 Re2 42. Kg4 a4 43. Kg5 Re3 44. h4 Rh3 45. Rxe4 a3 46. Re8+ Kf7 47. Re7+ Kf8 48. Ra7 Rg3+ 49. Kh6 Rh3 50. Kxh7 Rxh4+ 51. Kxg6 Rh3 52. Ra8# 1-0

[Event "*** Titled Tuesday 3|2 Blitz"]
[Site "Chess.com"]
[Date "2016.10.04"]
[Round "3"]
[White "annakantane"]
[Black "HovmoellerHest"]
[Result "1-0"]
[WhiteElo "2242"]
[BlackElo "2301"]
[TimeControl "180+2"]
[EndTime "11:36:05 PDT"]
[Termination "annakantane won by resignation"]

1. e4 c5 2. Nf3 d6 3. d4 cxd4 4.
Nxd4 Nf6 5. Nc3 a6 6. Bg5 e6 7. f4 Be7 8. Qf3 Qc7 9. O-O-O Nbd7 10. g4 b5 11. Bxf6 Bxf6 12. g5 Be7 13. f5 Bxg5+ 14.
Kb1 Ne5 15. Qh5 Qd8 16. Nxe6 Bxe6 17. fxe6 g6 18. exf7+ Kxf7 19. Qh3 Kg7 20. Nd5 Ra7 21. Qc3 Rf7 22. Qa3 Ng4 23. Rg1 Nf2 24. Re1 Rhf8 25. Bg2 Bd2 26. Re2 Qg5 27. Qxd6 Nxe4 28. Rxe4 Qxg2 29. Qe5+ Kh6 30. Rd1 Bg5 31. h4 Bd8 32.
Ne3 Re7 33. Nxg2 Rxe5 34. Rxe5 Rf2 35. Ne3 Bxh4 36. Re6 Kh5 37. Rxa6 Re2 38. Nd5 g5 39. Ra5 Re5 40. Rxb5 h6 41. a4 Bf2 42. Nf6+ Kg6 43.
Rxe5 Kxf6 44. Rb5 1-0

[Event "*** Titled Tuesday 3|2 Blitz"]
[Site "Chess.com"]
[Date "2016.10.04"]
[Round "3"]
[White "FrankieJay"]
[Black "Er_is_geen_hoop_meer"]
[Result "0-1"]
[WhiteElo "2188"]
[BlackElo "2282"]
[TimeControl "180+2"]
[EndTime "11:36:14 PDT"]
[Termination "Er_is_geen_hoop_meer won by checkmate"]

1. e4 c5 2. Nf3 e6 3. d4 cxd4 4.
Nxd4 Nc6 5. Nc3 Qc7 6. Be3 a6 7. Qf3 d6 8. O-O-O Bd7 9. Qg3 Rc8 10. f4 h5 11. Nxc6 Bxc6 12. Bd3 h4 13. Qf2 b5 14. Rhe1 b4 15. Bb6 Qb7 16. Nd5 Nf6 17. Nxb4 Nxe4 18. Rxe4 Bxe4 19. Bxa6 Qd7 20. Qe2 Bc6 21.
Nxc6 Rxc6 22. Bb5 Be7 23. a4 O-O 24. a5 Rfc8 25. Bxc6 Qxc6 26. Kb1 d5 27. f5 Bf6 28. fxe6 fxe6 29. Qd3 Kf7 30. Rf1 e5 31. g4 hxg3 32. hxg3 e4 33. Qb3 Kg6 34. Rd1 Re8 35. Qxd5 Qxd5 36.
Rxd5 e3 37. Rd1 e2 38. Re1 Bg5 39. Bf2 Bd2 40. c3 Bxe1 41. Bxe1 Rd8 42. Kc2 Rd1 43.
Bd2 Kf7 44. b4 Ke6 45. c4 e1=Q 46. Bxe1 Rxe1 47. Kd3 Ke5 48. b5 Ra1 49. a6 Ra3+ 50. Kc2 Kd4 51. Kb2 Ra5 52. Kb3 Kc5 53. g4 g5 54. Kc3 Ra3+ 55. Kb2 Ra4 56. Kb3 Rb4+ 57. Ka3 Rb1 58. Ka4 Kxc4 59. Ka5 Kc5 60. a7 Ra1# 0-1

[Event "*** Titled Tuesday 3|2 Blitz"]
[Site "Chess.com"]
[Date "2016.10.04"]
[Round "3"]
[White "NoWuss2"]
[Black "AndrewMcStone"]
[Result "1-0"]
[WhiteElo "2065"]
[BlackElo "2017"]
[TimeControl "180+2"]
[EndTime "11:36:26 PDT"]
[Termination "NoWuss2 won on time"]

1. Nf3 Nf6 2. c4 g6 3. b4 Bg7 4.
Bb2 d6 5. e3 O-O 6. Be2 a5 7.
b5 e5 8. O-O e4 9. Ne1 Be6 10. f3 Nbd7 11. fxe4 Nxe4 12. Bxg7 Kxg7 13. d3 Nef6 14. Qd2 Nc5 15. Nc3 c6 16. Nc2 Qd7 17. Rf4 Ng4 18. Nd4 Ne5 19. Nxe6+ Nxe6 20. Rf2 f5 21. h3 Rae8 22. d4 Nf7 23. bxc6 bxc6 24.
Rb1 Neg5 25. Bd3 Ne4 26. Bxe4 fxe4 27. Ne2 Ng5 28. Qxa5 Rxf2 29. Kxf2 Nxh3+ 30. gxh3 Qxh3 31. Rb7+ Kh6 32. Rf7 Qh4+ 33. Kf1 Rb8 34. Rxh7+ Kxh7 35. Qc7+ Kh6 36. Qxb8 Qh1+ 37. Kf2 Qh2+ 38. Ke1 Qh4+ 39.
Kd2 Qf6 40. Qc7 c5 41. dxc5 Qb2+ 42. Ke1 Qb1+ 43. Kf2 dxc5 44. Qxc5 Qxa2 45. Qf8+ Kh7 46. c5 1-0

[Event "*** Titled Tuesday 3|2 Blitz"]
[Site "Chess.com"]
[Date "2016.10.04"]
[Round "3"]
[White "Andrejkin"]
[Black "MFBerna"]
[Result "0-1"]
[WhiteElo "2173"]
[BlackElo "2155"]
[TimeControl "180+2"]
[EndTime "11:36:30 PDT"]
[Termination "MFBerna won by checkmate"]

1. d4 d5 2. c4 e6 3. Nc3 Be7 4.
Nf3 Nf6 5. Bf4 O-O 6. e3 Nbd7 7.
c5 Nh5 8. Bd3 Nxf4 9. exf4 b6 10. b4 a5 11. c6 Bxb4 12. Rc1 Nb8 13. O-O Nxc6 14. Nb5 Bb7 15. a3 Be7 16. f5 exf5 17. Bxf5 g6 18. Bd3 Bd6 19. Re1 Qf6 20. Qb3 Bf4 21. Rc2 a4 22. Qa2 Rfe8 23. Rce2 Rxe2 24. Rxe2 Na5 25. Qc2 Nc4 26. Ne5 Nxe5 27. dxe5 Bxe5 28. g3 c6 29. f4 Ba1 30. Nc7 Bd4+ 31. Kg2 Rc8 32.
Ne8 Qd8 33. f5 Qd7 34. fxg6 hxg6 35. Bxg6 Rxe8 36. Bh7+ Kg7 37. Rd2 c5 38. Bf5 Qe7 39. Qd1 Qg5 40. Bd7 Re3 41. Bb5 Be5 42. Kh1 d4+ 43.
Kg1 Bxg3 44. hxg3 Qxg3+ 45. Kf1 Rf3+ 46. Qxf3 Qxf3+ 47. Ke1 Be4 48. Rf2 Qe3+ 49. Kf1 d3 50. Bc4 d2 51. Rxf7+ Kg6 52. Rd7 Qe1# 0-1

[Event "*** Titled Tuesday 3|2 Blitz"]
[Site "Chess.com"]
[Date "2016.10.04"]
[Round "3"]
[White "Lukianoo"]
[Black "pKiLz5Rn9b"]
[Result "1-0"]
[WhiteElo "2736"]
[BlackElo "2483"]
[TimeControl "180+2"]
[EndTime "11:36:32 PDT"]
[Termination "Lukianoo won by resignation"]

1. e4 e6 2. b3 d5 3. Bb2 a6 4. e5 c5 5. f4 Nc6 6. Nf3 Nge7 7. g3 b5 8. Bg2 Bb7 9. O-O Nf5 10. Nc3 Qb6 11.
Ne2 Nfd4 12. Nexd4 Nxd4 13. Nxd4 cxd4 14. f5 Bc5 15. Qg4 g6 16. fxg6 hxg6 17. d3 Rh5 18. Rae1 Bb4 19. Re2 Rc8 20. Bxd4 Bc5 21. Bxc5 Qxc5+ 22. d4 Qa3 23. Ref2 Rf5 24. Rxf5 gxf5 25. Qg8+ Qf8 26. Qxf8+ Kxf8 27. Rf2 b4 28. Bf1 a5 29. h4 Kg7 30. Bd3 Rg8 31. Kg2 f6 32. Rf4 Kf7 33. g4 Rxg4+ 34. Rxg4 fxg4 35. exf6 Kxf6 36. Kg3 Bc8 37. Kf4 Bd7 38. Be2 g3 39. Kxg3 e5 40. dxe5+ Kxe5 41. h5 Kf6 42. Kh4 d4 43. Bd3 Bc6 44.
h6 Bf3 45. h7 Kg7 46. Kg5 Bd5 47. Kf4 a4 48. Ke5 Bxb3 49. cxb3 1-0

[Event "*** Titled Tuesday 3|2 Blitz"]
[Site "Chess.com"]
[Date "2016.10.04"]
[Round "3"]
[White "underdogchss"]
[Black "OparinGrigoriy"]
[Result "0-1"]
[WhiteElo "2395"]
[BlackElo "2589"]
[TimeControl "180+2"]
[EndTime "11:36:32 PDT"]
[Termination "OparinGrigoriy won by resignation"]

1. d4 Nf6 2. Nf3 e6 3. c4 b6 4. g3 Ba6 5. b3 Bb4+ 6. Bd2 Be7 7.
Nc3 d5 8. cxd5 exd5 9. Bg2 O-O 10. O-O Re8 11. Rc1 Bb7 12. Bf4 Na6 13. Qc2 Ba3 14.
Rcd1 c6 15. Ne5 Bf8 16. Qb2 Nc7 17. Bg5 Ne6 18. Bxf6 Qxf6 19. e3 Qd8 20. b4 f6 21.
Nd3 Nc7 22. a4 a6 23. a5 b5 24. e4 dxe4 25. Nxe4 Nd5 26. Nec5 Bc8 27. Qb3 Bg4 28. Nf4 Bxd1 29. Rxd1 Kh8 30. Nxd5 cxd5 31. Bxd5 Ra7 32. Ne6 Qd6 33. Nc5 Rae7 34. Kg2 Re2 35.
Bf3 R2e7 36. d5 Re5 37. Rd4 g6 38. Qd3 f5 39. Bd1 Bg7 40. Bb3 Re2 41. Rh4 Rb2 42. Bd1 Re1 43. Bf3 Bf6 44. Rf4 Rbb1 45. Rxf5 gxf5 46.
Qxf5 Qe5 47. Qc8+ Qe8 48. Qf5 Qg6 49. Qc8+ Re8 50. Qd7 Rd8 51. Qc7 Qg7 52. d6 Qxc7 53. dxc7 Rc8 54. Nxa6 Be5 55. Bb7 Rxc7 56. Nxc7 Bxc7 57.
a6 Bb6 58. Bc6 Rxb4 0-1

[Event "*** Titled Tuesday 3|2 Blitz"]
[Site "Chess.com"]
[Date "2016.10.04"]
[Round "3"]
[White "hansen"]
[Black "mwpchess"]
[Result "0-1"]
[WhiteElo "2634"]
[BlackElo "2467"]
[TimeControl "180+2"]
[EndTime "11:36:36 PDT"]
[Termination "mwpchess won by resignation"]

1. e4 c6 2. d4 d5 3. e5 Bf5 4. Nf3 e6 5. Be2 c5 6. Be3 Qb6 7. Nc3 Nc6 8. O-O Qxb2 9. Nb5 c4 10.
Nc7+ Kd7 11. Nxa8 Bxc2 12. Qe1 Bb4 13. Bd2 c3 14. Be3 Nge7 15. Ng5 Bg6 16. h4 h5 17. Nh3 Rxa8 18. Nf4 c2 19. Qc1 Bc3 20. Nxg6 fxg6 21. Bd3 Qxa1 22. Qa3 Bb4 23. Qa4 Qc3 24. Bxc2 a6 25. Bb1 b5 26. Qd1 Nf5 27. Bxf5 exf5 28. Qf3 Ne7 29. Rc1 Qd3 30. e6+ Kxe6 31. Qg3 Rc8 32.
Qe5+ Kd7 33. Rxc8 Qd1+ 34. Kh2 Nxc8 35. Qxd5+ Bd6+ 36. g3 Ne7 37. Qb7+ Ke6 38. Qxa6 f4 39. gxf4 Qg4 40. Qxb5 Bxf4+ 41. Kh1 Qh3+ 42. Kg1 Bh2+ 43. Kh1 Bf4+ 44. Kg1 Qg4+ 45. Kf1 Bxe3 46. fxe3 Qf3+ 47.
Kg1 Qxe3+ 48. Kg2 Qxd4 49. a4 Qd5+ 50. Kg3 Qxb5 51. axb5 Nd5 52. Kf3 Kf5 0-1

[Event "*** Titled Tuesday 3|2 Blitz"]
[Site "Chess.com"]
[Date "2016.10.04"]
[Round "3"]
[White "daro94"]
[Black "nihalsarin"]
[Result "1-0"]
[WhiteElo "2642"]
[BlackElo "2464"]
[TimeControl "180+2"]
[EndTime "11:36:37 PDT"]
[Termination "daro94 won by resignation"]

1. Nf3 c5 2. e4 d6 3. d4 cxd4 4.
Nxd4 Nf6 5. Nc3 a6 6. Be3 e5 7. Nf3 Be6 8. Ng5 Qc7 9. Nxe6 fxe6 10. a4 Be7 11. Be2 O-O 12. O-O Nbd7 13. a5 Kh8 14.
Bf3 Rac8 15. Qe2 Bd8 16. Rfd1 Qb8 17. g3 Bc7 18. Bg2 h6 19. Bh3 Rfe8 20. Qd3 g5 21.
Na4 Kg7 22. Nb6 Rcd8 23. c4 Nc5 24. Qc2 Ncxe4 25. b4 g4 26. Bxg4 Nxf2 27. Bh5 Nh3+ 28. Kg2 Nxh5 29. Kxh3 Rf8 30. Rf1 Bxb6 31. Bxb6 Rde8 32.
Qd3 Nf6 33. Kg2 e4 34. Qd4 e5 35. Qd2 Re6 36. Be3 Rh8 37. Rf5 Qc8 38. Raf1 Qd8 39.
h3 Qe7 40. g4 Nh7 41. Bxh6+ Kg6 42. Be3 Rf8 43. Bh6 Rg8 44. Kg3 Nf6 45. Bg5 e3 46. Qxe3 Rf8 47. Bxf6 Rexf6 48. Qg5+ Kh7 49. Rxf6 Rxf6 50. Qxf6 1-0

[Event "*** Titled Tuesday 3|2 Blitz"]
[Site "Chess.com"]
[Date "2016.10.04"]
[Round "3"]
[White "andretta"]
[Black "macko06"]
[Result "1-0"]
[WhiteElo "2257"]
[BlackElo "2115"]
[TimeControl "180+2"]
[EndTime "11:36:49 PDT"]
[Termination "andretta won by resignation"]

1. b3 Nf6 2. Bb2 g6 3. Bxf6 exf6 4.
c4 Bg7 5. Nc3 f5 6. Rc1 d6 7. g3 O-O 8. Bg2 Nc6 9. e3 Re8 10.
Nge2 Bd7 11. O-O Rb8 12. d4 a6 13. a3 Ne7 14. b4 Nc8 15. Qb3 c5 16. dxc5 dxc5 17. bxc5 Qc7 18. Qb4 Bf8 19. Nd5 Qxc5 20. Qxc5 Bxc5 21. Nf6+ Kg7 22. Nxd7 Bxa3 23. Ra1 Bb2 24.
Ra2 Be5 25. Nxb8 Bxb8 26. Bxb7 Nd6 27. Bxa6 Ne4 28. Bb5 Rd8 29. Nd4 Be5 30. Nc6 Re8 31. Nxe5 Rxe5 32. Rd1 h5 33. Ra7 h4 34. Rd5 Re6 35.
c5 h3 36. f3 Ng5 37. Kf2 Nh7 38. Rdd7 Ng5 39. Bc4 Re5 40. Rxf7+ Kh6 41. Rfe7 Rxc5 42.
Be2 Rc2 43. Ke1 Rc1+ 44. Kd2 Rh1 45. Kc2 Rxh2 46. Kd3 Rg2 47. f4 Rxg3 48. fxg5+ Kxg5 49. Ra1 Kh6 50. Rh1 g5 51. Re6+ Kg7 52. Re7+ Kf6 53.
Rh7 g4 54. Kd4 Rg2 55. Bd3 Kg6 56. Rh8 Rd2 57. Rg8+ Kf7 58. Rg5 Ke6 59. Rxf5 h2 60. Rg5 Rg2 61. Rxh2 Rxh2 62. Rxg4 Ra2 63. Rf4 Ra4+ 64.
Bc4+ Ke7 65. e4 Ra1 66. Rf5 Rd1+ 67. Ke5 Rd2 68. Bd5 Rb2 69. Rh5 Kf8 70. Rh7 Rb6 71.
Be6 Rb2 72. Kf6 Rf2+ 73. Bf5 Kg8 74. Ra7 Rd2 75. Ra8+ 1-0

[Event "*** Titled Tuesday 3|2 Blitz"]
[Site "Chess.com"]
[Date "2016.10.04"]
[Round "3"]
[White "ChessWarrior7197"]
[Black "bugsbunny444"]
[Result "1-0"]
[WhiteElo "2475"]
[BlackElo "2332"]
[TimeControl "180+2"]
[EndTime "11:36:52 PDT"]
[Termination "ChessWarrior7197 won by checkmate"]

1. e4 e6 2. d4 d5 3. Nd2 h6 4.
Ngf3 Nf6 5. e5 Nfd7 6. c3 c5 7. Bd3 Nc6 8. O-O g5 9. dxc5 Bxc5 10.
Nb3 Bf8 11. Re1 Bg7 12. Nbd4 Ndxe5 13. Nxe5 Nxe5 14. Bc2 Bd7 15. Qh5 Qf6 16. Nb3 O-O-O 17. Be3 Nc6 18. Nd4 e5 19. Nxc6 bxc6 20. Bxa7 Kb7 21.
Bc5 Bf5 22. Bxf5 Qxf5 23. Qd1 Kc7 24. b4 e4 25. Qb3 Ra8 26. Rad1 Qe6 27. c4 Rhd8 28.
cxd5 Rxd5 29. Rc1 Rd3 30. Qxe6 fxe6 31. Rxe4 Kd7 32. h4 Rxa2 33. hxg5 hxg5 34. Rce1 e5 35. R4e3 Rxe3 36. Rxe3 Ke6 37. Rd3 Kf5 38. Rd7 Bf6 39.
Rf7 Kg6 40. Rc7 Ra6 41. g4 Bg7 42. Kg2 Bf6 43. Kf3 Bd8 44. Rc8 Bf6 45. Ke4 Bg7 46. f3 Bf6 47. Rg8+ Kf7 48. Rc8 Ke6 49. Kd3 Ra3+ 50. Kc4 Rxf3 51. Rxc6+ Kf7 52. b5 Bd8 53. b6 Bxb6 54. Rxb6 Rf4+ 55. Kd5 Rxg4 56. Kxe5 Rg2 57. Kf5 g4 58. Rb7+ Ke8 59. Bd6 g3 60. Ke6 Re2+ 61.
Be5 Rd2 62. Bxg3 Kf8 63. Be5 Ke8 64. Re7+ Kd8 65. Rh7 Kc8 66. Rc7+ Kd8 67. Rb7 Ke8 68.
Rg7 Kd8 69. Rg8# 1-0

[Event "*** Titled Tuesday 3|2 Blitz"]
[Site "Chess.com"]
[Date "2016.10.04"]
[Round "3"]
[White "GMOratovsky"]
[Black "Keranke"]
[Result "0-1"]
[WhiteElo "2401"]
[BlackElo "2629"]
[TimeControl "180+2"]
[EndTime "11:37:00 PDT"]
[Termination "Keranke won by resignation"]

1. e4 c5 2. Nf3 d6 3. Bb5+ Nd7 4.
O-O Nf6 5. Re1 g6 6. c3 Bg7 7.
d4 a6 8. Bd3 e6 9. Nbd2 O-O 10. Nf1 b5 11. Ng3 Bb7 12. Bg5 h6 13. Bf4 Qb6 14. a4 Rfe8 15. a5 Qc6 16. Qd2 Kh7 17. h4 e5 18. d5 Qc7 19. Be3 Ng4 20.
Nh2 Nxe3 21. Qxe3 c4 22. Bc2 Qd8 23. h5 Qh4 24. Nf3 Qf4 25. Qxf4 exf4 26. Ne2 g5 27. Nfd4 Kg8 28. Nf5 Bf8 29. Ned4 Nc5 30. g3 fxg3 31. fxg3 Re5 32. Nf3 Ree8 33. Kg2 Nd7 34. N3d4 Nf6 35. Re2 Re5 36. Nf3 Rxf5 37. exf5 Bxd5 38. g4 Nxg4 39.
Kg3 Nf6 40. Rd1 Bb7 41. Nd4 Nxh5+ 42. Kf2 Nf4 43. Re3 Nd5 44. Rh3 Bg7 45. Be4 Nf4 46.
Re3 d5 47. Bf3 Bf6 48. Rde1 Bxd4 49. cxd4 Nd3+ 50. Rxd3 cxd3 51. Re7 Bc6 52. Ke3 Rc8 53. Kxd3 b4 54. Bh5 Bb5+ 55. Kd2 b3 56. Rxf7 Rc2+ 57. Kd1 Be8 58. Rb7 Bxh5+ 0-1

[Event "*** Titled Tuesday 3|2 Blitz"]
[Site "Chess.com"]
[Date "2016.10.04"]
[Round "3"]
[White "Mornar1951"]
[Black "ZapataCharlesS"]
[Result "1-0"]
[WhiteElo "2595"]
[BlackElo "2585"]
[TimeControl "180+2"]
[EndTime "11:37:06 PDT"]
[Termination "Mornar1951 won by resignation"]

1. Nf3 g6 2. d4 Bg7 3. c4 c5 4. e4 Nc6 5. d5 Nd4 6. Nxd4 cxd4 7. Bd3 d6 8. O-O Nf6 9. Na3 O-O 10. Nc2 Nd7 11. b4 a5 12. a3 axb4 13.
axb4 Rxa1 14. Nxa1 Ne5 15. Nc2 Bg4 16. f3 Bc8 17. Bb2 Qc7 18. Bxd4 Nxc4 19. Bxg7 Kxg7 20. Bxc4 Qxc4 21. Qd4+ Qxd4+ 22. Nxd4 Bd7 23. Rc1 Rc8 24. Rxc8 Bxc8 25. f4 h6 26. h4 g5 27. hxg5 hxg5 28. g3 Bd7 29. Kf2 gxf4 30. gxf4 e6 31. dxe6 fxe6 32.
e5 dxe5 33. fxe5 Kg6 34. Ke3 Kg5 35. Ke4 Kg4 36. Ke3 Kg3 37. Nb3 Bc6 38. Nc5 Bd5 39.
Kd4 b6 40. Nd7 b5 41. Nf6 Bc4 42. Ne4+ Kf4 43. Nd6 Bf1 44. Ne8 Be2 45. Ng7 Bc4 46. Ne8 Be2 47. Nc7 Bc4 48. Na8 Be2 49. Nb6 Bf1 50. Nd7 Be2 51. Kc5 Ke4 52. Kd6 Bc4 53.
Nc5+ Kf5 54. Na6 Be2 55. Nc7 Bc4 56. Ne8 Kg6 57. Nc7 Kf5 58. Na6 Be2 59. Nb8 Bf1 60. Nc6 Bc4 61. Nd4+ 1-0

[Event "*** Titled Tuesday 3|2 Blitz"]
[Site "Chess.com"]
[Date "2016.10.04"]
[Round "3"]
[White "ftorodent"]
[Black "FabianoCaruana"]
[Result "1-0"]
[WhiteElo "2511"]
[BlackElo "2647"]
[TimeControl "180+2"]
[EndTime "11:37:10 PDT"]
[Termination "ftorodent won by resignation"]

1. d4 Nf6 2. c4 b6 3. Nc3 Bb7 4. Nf3 e6 5. a3 d5 6. Bg5 Be7 7. e3 O-O 8. Bd3 dxc4 9. Bxc4 Nbd7 10. O-O c5 11. Qe2 h6 12. Bh4 cxd4 13. Nxd4 Ne4 14. Nxe4 Bxe4 15. Bg3 Bf6 16. Rfd1 Qe7 17.
Qg4 Bxd4 18. Rxd4 Nf6 19. Qh4 Bd5 20. Bxd5 Nxd5 21. Qxe7 Nxe7 22. Rd7 Nd5 23. h3 Rfc8 24. Be5 f6 25. Bd4 Rc7 26. Rxc7 Nxc7 27. Rc1 Nb5 28.
Rc6 e5 29. Bc3 Rd8 30. a4 Rd1+ 31. Kh2 Nxc3 32. bxc3 Ra1 33. Rc4 a5 34. Rc6 Rxa4 35.
Rxb6 Rc4 36. Ra6 a4 37. Ra7 h5 38. g3 g5 39. Kg2 h4 40. g4 Kf8 41. Kf3 Ke8 42.
Ke2 e4 43. Kd2 f5 44. gxf5 g4 45. hxg4 h3 46. Kc2 Rc6 47. Rh7 a3 48. Kb3 a2 49.
Kxa2 Rxc3 50. Rxh3 Rc2+ 51. Kb3 Rxf2 52. Kc4 Rg2 53.
Rh4 Kf7 54. Kd4 Kf6 55. Kxe4 Kg5 56. Kf3 Rg1 57. Rh5+ 1-0

[Event "*** Titled Tuesday 3|2 Blitz"]
[Site "Chess.com"]
[Date "2016.10.04"]
[Round "3"]
[White "GMHess"]
[Black "GMNeiksans"]
[Result "1-0"]
[WhiteElo "2593"]
[BlackElo "2644"]
[TimeControl "180+2"]
[EndTime "11:37:17 PDT"]
[Termination "GMHess won by resignation"]

1. c4 e5 2. Nc3 Nf6 3. Nf3 Nc6 4. e3 Bb4 5. Qc2 O-O 6. Nd5 Re8 7.
Qf5 d6 8. Nxf6+ Qxf6 9. Qxf6 gxf6 10. a3 Bc5 11. b4 Bb6 12. Bb2 a5 13. b5 Nd8 14. g4 Ne6 15. Rg1 Ng5 16. Bg2 Kf8 17.
d3 Rb8 18. Nxg5 fxg5 19. Be4 h6 20. Ke2 Be6 21. h4 Ke7 22. f3 Red8 23. Rh1 c6 24. hxg5 hxg5 25. a4 Rh8 26. Rab1 Bc5 27. Bc3 cxb5 28.
axb5 b6 29. Kd2 Rbc8 30. Bb7 Rb8 31. Bc6 Rbd8 32. d4 exd4 33. exd4 Bb4 34. Bxb4 Rxh1 35. Rxh1 axb4 36. d5 Bc8 37. Rb1 Rh8 38. Rxb4 Rh2+ 39. Ke3 Ra2 40. Rb3 Bd7 41. Kd4 Rd2+ 42. Kc3 Ra2 43.
Kb4 Kd8 44. Re3 Rb2+ 45. Kc3 Ra2 46. Kd4 Rd2+ 47. Ke4 Bc8 48. f4 Rg2 49. Kf3 Rg1 50. Re8+ Kc7 51. f5 Rf1+ 52. Kg3 Rf4 53. Re7+ Kd8 54. Rxf7 Rxc4 55. Rg7 1-0

[Event "*** Titled Tuesday 3|2 Blitz"]
[Site "Chess.com"]
[Date "2016.10.04"]
[Round "3"]
[White "platy3"]
[Black "wannabe2700"]
[Result "1-0"]
[WhiteElo "2738"]
[BlackElo "2274"]
[TimeControl "180+2"]
[EndTime "11:37:22 PDT"]
[Termination "platy3 won by checkmate"]

1. e4 e6 2. d4 d5 3. Nc3 Nf6 4.
e5 Nfd7 5. f4 c5 6. Nf3 Nc6 7.
Be3 Be7 8. a3 O-O 9. dxc5 Bxc5 10. Bxc5 Nxc5 11. b4 Ne4 12. Nxe4 dxe4 13. Qxd8 Rxd8 14.
Ng5 a5 15. b5 Nd4 16. O-O-O b6 17. Nxe4 Bb7 18. Nd6 Rxd6 19. exd6 Nf5 20. Rg1 Kf8 21. g4 Ne3 22. Rd2 Ke8 23. Bd3 Kd7 24. Rg3 Nd5 25.
Be4 Kxd6 26. c4 Rc8 27. Rc2 Nxf4 28. Bxb7 Rc5 29. Bc6 g5 30. Re3 h5 31. h3 h4 32. Kb2 Ke7 33. Kb3 f5 34. gxf5 Rxf5 35. c5 bxc5 36. Ka4 Kd6 37. Rd2+ Nd5 38. Kxa5 c4 39.
Bxd5 exd5 40. Kb4 Rf1 41. Rb2 d4 42. Re4 Kd5 43. Re8 c3 44. Rd8+ Ke4 45. Rg2 Kd3 46. Rg4 Rf4 47. Rxg5 c2 48. Rc5 Kd2 49. b6 d3+ 50.
Kb5 Rf5 51. Rxf5 c1=Q 52. b7 Qb2+ 53. Ka6 Qb3 54. b8=Q Qe6+ 55. Qd6 Qxf5 56. a4 Kc2 57. Qxd3+ Qxd3+ 58. Rxd3 Kxd3 59. a5 Ke4 60. Kb5 Kf3 61. a6 Kg3 62. a7 Kxh3 63. a8=Q Kh2 64. Qf3 h3 65. Qg4 Kh1 66. Qxh3+ Kg1 67. Qf3 Kh2 68. Kc4 Kg1 69. Qe2 Kh1 70. Kd3 Kg1 71. Ke3 Kh1 72. Kf3 Kg1 73. Qg2# 1-0

[Event "*** Titled Tuesday 3|2 Blitz"]
[Site "Chess.com"]
[Date "2016.10.04"]
[Round "3"]
[White "GrigorGrigorov"]
[Black "Sanan_Sjugirov"]
[Result "1-0"]
[WhiteElo "2564"]
[BlackElo "2691"]
[TimeControl "180+2"]
[EndTime "11:37:23 PDT"]
[Termination "GrigorGrigorov won on time"]

1. d4 Nf6 2. c4 e6 3. Nc3 Bb4 4.
e3 O-O 5. Ne2 d5 6. a3 Be7 7.
cxd5 exd5 8. Nf4 c6 9. Bd3 a5 10. O-O Na6 11. Bd2 Re8 12. Kh1 Nc7 13. f3 c5 14. Nfe2 b6 15. Be1 Ne6 16. Bf2 cxd4 17. exd4 Bd6 18. Bg3 Ba6 19. Bxa6 Rxa6 20. Rc1 Bxg3 21.
Nxg3 Ra8 22. Qd2 Rc8 23. Rc2 Qd7 24. Rfc1 Rc4 25. Nxd5 Rxd4 26. Nxf6+ gxf6 27. Qe1 Nc5 28. Qf1 Rd2 29. b4 Rxc2 30. Rxc2 axb4 31. axb4 Qd3 32. Rc1 Qxf1+ 33. Rxf1 Nd3 34. h4 Nxb4 35. Rd1 Re5 36. Rd8+ Kg7 37. f4 Rd5 38. Rb8 b5 39. f5 Nc6 40. Rb6 Rc5 41. Nh5+ Kh6 42. Nxf6 b4 43. g4 Kg7 44. Ne4 Rc4 45. Nd6 Rxg4 46. Rxc6 b3 47.
Rb6 Rxh4+ 48. Kg2 Rd4 49. Ne8+ Kf8 50. Nf6 Kg7 51. Nh5+ Kf8 52. f6 Ke8 53. Rxb3 Rh4 54. Re3+ Kf8 55. Ng7 Rg4+ 56. Kf3 1-0

[Event "*** Titled Tuesday 3|2 Blitz"]
[Site "Chess.com"]
[Date "2016.10.04"]
[Round "3"]
[White "Zhani-Z"]
[Black "Drags95"]
[Result "1-0"]
[WhiteElo "2324"]
[BlackElo "2397"]
[TimeControl "180+2"]
[EndTime "11:37:25 PDT"]
[Termination "Zhani-Z won by resignation"]

1. e4 c5 2. Nf3 d6 3. Nc3 Nf6 4. e5 dxe5 5. Nxe5 Nbd7 6. Nc4 e6 7. g3 Nb6 8. b3 Be7 9. Bg2 O-O 10. O-O Nbd5 11.
Bb2 b6 12. a4 Bb7 13. Nxd5 Bxd5 14. Bxd5 exd5 15. Ne3 d4 16. Nf5 Re8 17. c3 Bf8 18. cxd4 Qd5 19. Ne3 Qd7 20. dxc5 Ne4 21. d4 bxc5 22.
dxc5 Qc6 23. Qf3 Qxc5 24. Rfd1 Qb6 25. Nc4 Qe6 26. Bd4 Ng5 27. Qg2 Rad8 28. Be3 Rxd1+ 29. Rxd1 Qg4 30. Rc1 Nf3+ 31. Kh1 a6 32. h3 Qe4 33. Nd2 Nxd2 34. Bxd2 Qd3 35. Be3 Qxb3 36. Qc6 Re6 37. Qd7 Rd6 38. Qe8 Re6 39. Qd7 Rd6 40. Qe8 Qd5+ 41.
Kh2 Re6 42. Qb8 Qe5 43. Qxe5 Rxe5 44. Rc8 f6 45. Ra8 a5 46. Bb6 Kf7 47. Rxa5 Re4 48. Ra7+ Kg6 49. a5 h5 50. h4 Ra4 51. a6 Kf5 52. Ra8 Bd6 53. a7 1-0

[Event "*** Titled Tuesday 3|2 Blitz"]
[Site "Chess.com"]
[Date "2016.10.04"]
[Round "3"]
[White "1stSecond"]
[Black "GM_Levan_Pantsulaia"]
[Result "0-1"]
[WhiteElo "2522"]
[BlackElo "2485"]
[TimeControl "180+2"]
[EndTime "11:37:28 PDT"]
[Termination "GM_Levan_Pantsulaia won by resignation"]

1. d4 Nf6 2. c4 c5 3. d5 e6 4. Nc3 exd5 5. cxd5 d6 6. Nf3 g6 7.
Nd2 a6 8. a4 Nbd7 9. e4 Bg7 10.
Be2 O-O 11. O-O Re8 12. Qc2 Rb8 13. h3 Qc7 14. Nc4 Nb6 15. Ne3 Bd7 16. a5 Nc8 17. f4 Na7 18. Nc4 Nb5 19. e5 Nxc3 20. bxc3 dxe5 21. d6 Qd8 22. fxe5 Nh5 23. Bxh5 gxh5 24.
Qe4 Bc6 25. Qf5 Qd7 26. Qxh5 Qe6 27. Rf4 Qg6 28. Qe2 Bxe5 29. Nxe5 Rxe5 30. Qf2 Rg5 31. g4 Re8 32. Kh2 Qxd6 33. Ra2 Rd5 34. Re2 Rxe2 35. Qxe2 Rd1 36. Be3 Rd3 37. c4 Rd1 38. Kg3 Rd3 39.
Kf2 Ra3 40. h4 Rxa5 41. h5 Ra1 42. Kg3 Ra3 43. Kh4 Qe7+ 44. g5 Qxe3 45. Qxe3 Rxe3 46.
Rf6 Re6 47. Rf5 b6 48. h6 a5 49. Rf2 Kf8 50. Rd2 Ke7 51. Kg4 Be4 52. Kf4 Bg6 53. Rb2 Kd7 54. Rd2+ Kc7 55. Kf3 Re5 56. Kf4 Re4+ 57. Kf3 Rxc4 58. Ke3 Rd4 59. Rf2 a4 60. Rf6 a3 61. Rf2 b5 0-1